PCL
LAS VEGAS STARS @ DISTRICT 9 PRAWNS
08/17/2024
 
TOP OF THE 1ST
Las Vegas Stars batting - Pitching for District 9 Prawns : RHP Jeff Townsend
Pitching: RHP Jeff Townsend
Batting: LHB Parker Marshall 0-0: Ball
1-0: Swinging Strike
1-1: Ball
2-1: Ball
3-1: Swinging Strike
3-2: Strikes out swinging
Batting: RHB Xin Zhang 0-0: Called Strike
0-1: Ball
1-1: Ball
2-1: SINGLE (Flyball, 7S)
Batting: RHB Orlando García 0-0: Called Strike
0-1: Ball
1-1: Called Strike
1-2: SINGLE (Line Drive, 89M)
Xin Zhang to second
Batting: RHB Joe Scott 0-0: Called Strike
0-1: Ball
1-1: Called Strike
1-2: Ball
2-2: Fly out, F8 (Flyball, 8RM)
Batting: RHB Matthieu Vancini 0-0: Called Strike
0-1: Fly out, F9 (Flyball, 9M)
Top of the 1st over - 0 run(s), 2 hit(s), 0 error(s), 2 left on base; Las Vegas 0 - District 9 0
BOTTOM OF THE 1ST
District 9 Prawns batting - Pitching for Las Vegas Stars : RHP Brett Dwyer
Pitching: RHP Brett Dwyer
Batting: RHB Enrique Aguilar 0-0: Ball
1-0: Foul Ball, location: 2F
1-1: Ball
2-1: Ball
3-1: Base on Balls
Batting: RHB Alfredo Cortéz 0-0: Ball
1-0: Ball
Wild Pitch!
Enrique Aguilar to second
2-0: Ball
Wild Pitch!
Enrique Aguilar to third
3-0: Called Strike
3-1: Foul Ball, location: 2F
3-2: Base on Balls
Batting: LHB Terry White 0-0: Ball
1-0: Fly out, F7 (Flyball, 8LM)
Runner from 3rd tags up, SCORES, no throw
Batting: LHB Ryan Hensley 0-0: Ball
1-0: Grounds into double play, 1-6-3 (Groundball, 15S)
Bottom of the 1st over - 1 run(s), 0 hit(s), 0 error(s), 0 left on base; Las Vegas 0 - District 9 1
TOP OF THE 2ND
Las Vegas Stars batting - Pitching for District 9 Prawns : RHP Jeff Townsend
Batting: RHB Ryan Campbell 0-0: Ball
1-0: Ground out 5-3 (Groundball, 5S)
Batting: LHB Mike Mitchell 0-0: Ball
1-0: Ball
2-0: Ball
3-0: Called Strike
3-1: Called Strike
3-2: Base on Balls
Batting: RHB José Zúńiga 0-0: Foul Ball, location: 2F
0-1: Fly out, F8 (Flyball, 8RS)
0-1: Fly out, F8 (Flyball, 8RS)
Batting: LHB Evan Slootweg 0-0: Called Strike
0-1: Ball
1-1: Ball
Wild Pitch!
Mike Mitchell to second
2-1: Ball
3-1: Base on Balls
Batting: LHB Parker Marshall 0-0: Foul Ball, location: 2F
0-1: Ball
1-1: Fly out, F8 (Flyball, 8RM)
Top of the 2nd over - 0 run(s), 0 hit(s), 0 error(s), 2 left on base; Las Vegas 0 - District 9 1
BOTTOM OF THE 2ND
District 9 Prawns batting - Pitching for Las Vegas Stars : RHP Brett Dwyer
Batting: LHB José Flores 0-0: Ball
1-0: Ball
2-0: Ball
3-0: Called Strike
3-1: Called Strike
3-2: Base on Balls
Batting: RHB Jonah Duncan 0-0: Called Strike
0-1: Ball
1-1: Foul Ball, location: 2F
1-2: Ball
2-2: Ball
3-2: Foul Ball, location: 2F
3-2: Foul Ball, location: 2F
3-2: Strikes out looking
Batting: LHB Brian Roy 0-0: Called Strike
0-1: Ball
1-1: Foul Ball, location: 2F
1-2: Ball
2-2: Ball
3-2: Foul Ball, location: 2F
3-2: Strikes out swinging
Batting: SHB Mark Pope 0-0: Fly out, F7 (Flyball, 78M)
Bottom of the 2nd over - 0 run(s), 0 hit(s), 0 error(s), 1 left on base; Las Vegas 0 - District 9 1
TOP OF THE 3RD
Las Vegas Stars batting - Pitching for District 9 Prawns : RHP Jeff Townsend
Batting: RHB Xin Zhang 0-0: Swinging Strike
0-1: Ball
1-1: Ball
2-1: Fly out, F8 (Flyball, 8RM)
Batting: RHB Orlando García 0-0: Swinging Strike
0-1: Ball
1-1: Ball
2-1: Foul Ball, location: 2F
2-2: Strikes out swinging
Batting: RHB Joe Scott 0-0: Ball
1-0: Swinging Strike
1-1: Called Strike
1-2: Strikes out looking
Top of the 3rd over - 0 run(s), 0 hit(s), 0 error(s), 0 left on base; Las Vegas 0 - District 9 1
BOTTOM OF THE 3RD
District 9 Prawns batting - Pitching for Las Vegas Stars : RHP Brett Dwyer
Batting: RHB Phil Jacobs 0-0: Ball
1-0: Called Strike
1-1: Fly out, F8 (Flyball, 8LD)
Batting: RHB Enrique Aguilar 0-0: Ball
1-0: Ball
2-0: Ball
3-0: Base on Balls
Batting: RHB Alfredo Cortéz 0-0: SINGLE (Groundball, 34D)
Enrique Aguilar to second
Runner from 2nd tries for 3rd, SAFE, throw made to third
Batting: LHB Terry White 0-0: Called Strike
0-1: Foul Ball, location: 2F
0-2: Strikes out swinging
Batting: LHB Ryan Hensley 0-0: Foul Ball, location: 2F
0-1: Foul Ball, location: 2F
0-2: Ball
1-2: Ball
2-2: Ball
3-2: Foul Ball, location: 2F
3-2: Base on Balls
Alfredo Cortéz to second
Batting: LHB José Flores 0-0: Fly out, F7 (Flyball, 7M)
Bottom of the 3rd over - 0 run(s), 1 hit(s), 0 error(s), 3 left on base; Las Vegas 0 - District 9 1
TOP OF THE 4TH
Las Vegas Stars batting - Pitching for District 9 Prawns : RHP Jeff Townsend
Batting: RHB Matthieu Vancini 0-0: Ball
1-0: Ground out 6-3 (Groundball, 6M)
Batting: RHB Ryan Campbell 0-0: Called Strike
0-1: Hit by Pitch
Batting: LHB Mike Mitchell 0-0: Foul Ball, location: 2F
0-1: Swinging Strike
0-2: Fly out, F6 (Line Drive, 6D)
0-2: Fly out, F6 (Line Drive, 6D)
Batting: RHB José Zúńiga 0-0: Ground out 6-3 (Groundball, 6)
Top of the 4th over - 0 run(s), 0 hit(s), 0 error(s), 1 left on base; Las Vegas 0 - District 9 1
BOTTOM OF THE 4TH
District 9 Prawns batting - Pitching for Las Vegas Stars : RHP Brett Dwyer
Batting: RHB Jonah Duncan 0-0: Ball
1-0: Ball
2-0: Ground out 5-3 (Groundball, 56)
Batting: LHB Brian Roy 0-0: Ball
1-0: Ball
2-0: Ground out 4-3 (Groundball, 4S)
Batting: SHB Mark Pope 0-0: Called Strike
0-1: Fly out, F5 (Line Drive, 56)
Bottom of the 4th over - 0 run(s), 0 hit(s), 0 error(s), 0 left on base; Las Vegas 0 - District 9 1
TOP OF THE 5TH
Las Vegas Stars batting - Pitching for District 9 Prawns : RHP Jeff Townsend
Batting: LHB Evan Slootweg 0-0: Ball
1-0: Ball
2-0: Foul Ball, location: 2F
2-1: Swinging Strike
2-2: Foul Ball, location: 2F
2-2: Foul Ball, location: 2F
2-2: Ball
3-2: Base on Balls
Batting: LHB Parker Marshall 0-0: Called Strike
0-1: 2-RUN HOME RUN (Line Drive, 89XD), Distance : 418 ft
Batting: RHB Xin Zhang 0-0: Called Strike
0-1: Ball
1-1: Ball
2-1: Ball
3-1: Base on Balls
Batting: RHB Orlando García 0-0: Called Strike
0-1: Ball
1-1: Called Strike
1-2: Strikes out swinging
Batting: RHB Joe Scott 0-0: Ball
1-0: Ball
Xin Zhang is caught stealing 2nd base
2-0: Ground out 6-3 (Groundball, 6)
Top of the 5th over - 2 run(s), 1 hit(s), 0 error(s), 0 left on base; Las Vegas 2 - District 9 1
BOTTOM OF THE 5TH
District 9 Prawns batting - Pitching for Las Vegas Stars : RHP Brett Dwyer
Batting: RHB Phil Jacobs 0-0: Ball
1-0: Foul Ball, location: 2F
1-1: Ground out 6-3 (Groundball, 6)
Batting: RHB Enrique Aguilar 0-0: Called Strike
0-1: Ball
1-1: DOUBLE (Flyball, 78XD)
Batting: RHB Alfredo Cortéz 0-0: Ball
1-0: Called Strike
1-1: Foul Ball, location: 2F
1-2: Ball
2-2: Foul Ball, location: 2F
2-2: Fly out, F9 (Flyball, 9LSF)
Batting: LHB Terry White 0-0: Foul Ball, location: 2F
0-1: Swinging Strike
0-2: Ball
1-2: Foul Ball, location: 2F
1-2: Ground out 4-3 (Groundball, 4)
Bottom of the 5th over - 0 run(s), 1 hit(s), 0 error(s), 1 left on base; Las Vegas 2 - District 9 1
TOP OF THE 6TH
Las Vegas Stars batting - Pitching for District 9 Prawns : RHP Jeff Townsend
Pitching: RHP Julián Romero
Batting: RHB Matthieu Vancini 0-0: Ball
1-0: Ball
2-0: SINGLE (Line Drive, 89S)
Batting: RHB Ryan Campbell 0-0: Ball
1-0: Foul Ball, location: 2F
1-1: Ball
2-1: Fly out, F8 (Flyball, 8RM)
Batting: LHB Mike Mitchell 0-0: Ball
1-0: Called Strike
1-1: Grounds into double play, 4-6-3 (Groundball, 4)
Top of the 6th over - 0 run(s), 1 hit(s), 0 error(s), 0 left on base; Las Vegas 2 - District 9 1
BOTTOM OF THE 6TH
District 9 Prawns batting - Pitching for Las Vegas Stars : RHP Brett Dwyer
Pitching: LHP Byung-ki Cho
Batting: LHB Ryan Hensley 0-0: Called Strike
0-1: Swinging Strike
0-2: Strikes out swinging
Pitching: RHP Sugimoto Kuhabara
Batting: LHB José Flores 0-0: Foul Ball, location: 2F
0-1: Ball
1-1: Ball
2-1: Swinging Strike
2-2: Strikes out swinging
Batting: RHB Jonah Duncan 0-0: Ball
1-0: Ball
2-0: Called Strike
2-1: Foul Ball, location: 2F
2-2: Strikes out looking
Bottom of the 6th over - 0 run(s), 0 hit(s), 0 error(s), 0 left on base; Las Vegas 2 - District 9 1
TOP OF THE 7TH
Las Vegas Stars batting - Pitching for District 9 Prawns : RHP Julián Romero
Batting: RHB José Zúńiga 0-0: Ball
1-0: Called Strike
1-1: Ball
2-1: Ball
3-1: Base on Balls
Batting: LHB Evan Slootweg 0-0: Bunted foul
0-1: Sac Bunt - play at first, batter OUT! 1-4
José Zúńiga to second
Batting: LHB Parker Marshall 0-0: Called Strike
0-1: Foul Ball, location: 2F
0-2: Strikes out swinging
Batting: RHB Xin Zhang 0-0: Called Strike
0-1: Called Strike
0-2: Ball
1-2: Ball
2-2: Foul Ball, location: 2F
2-2: Ball
3-2: Foul Ball, location: 2F
3-2: Foul Ball, location: 2F
3-2: Ground out 3-1 (Groundball, 34)
Top of the 7th over - 0 run(s), 0 hit(s), 0 error(s), 1 left on base; Las Vegas 2 - District 9 1
BOTTOM OF THE 7TH
District 9 Prawns batting - Pitching for Las Vegas Stars : RHP Sugimoto Kuhabara
Batting: LHB Brian Roy 0-0: Ball
1-0: Foul Ball, location: 2F
1-1: Swinging Strike
1-2: Ground out 6-3 (Groundball, 6)
Batting: SHB Mark Pope 0-0: DOUBLE (Line Drive, 78D)
Pinch Hitting: RHB Mal Snyder 0-0: Ball
1-0: Foul Ball, location: 2F
1-1: Foul Ball, location: 2F
1-2: Foul Ball, location: 2F
1-2: Foul Ball, location: 2F
1-2: Ball
2-2: Ball
3-2: 2-RUN HOME RUN (Flyball, 9LD), Distance : 354 ft
Batting: RHB Enrique Aguilar 0-0: Ball
1-0: Fly out, F8 (Flyball, 8RXD)
Batting: RHB Alfredo Cortéz 0-0: Foul Ball, location: 2F
0-1: Ball
1-1: Foul Ball, location: 2F
1-2: Ball
2-2: Foul Ball, location: 2F
2-2: Foul Ball, location: 2F
2-2: DOUBLE (Line Drive, 5D)
Batting: LHB Terry White 0-0: Foul Ball, location: 2F
0-1: Foul Ball, location: 2F
0-2: Ball
1-2: Ball
2-2: Foul Ball, location: 2F
2-2: Foul Ball, location: 2F
2-2: Strikes out swinging
Bottom of the 7th over - 2 run(s), 3 hit(s), 0 error(s), 1 left on base; Las Vegas 2 - District 9 3
TOP OF THE 8TH
Las Vegas Stars batting - Pitching for District 9 Prawns : RHP Julián Romero
Pitching: RHP Gerard Allen
Now at C: Ralph Schultz
Now at SS: Manuel Torres
Batting: RHB Orlando García 0-0: Swinging Strike
0-1: Foul Ball, location: 2F
0-2: Ball
1-2: Ball
2-2: Foul Ball, location: 2F
2-2: Foul Ball, location: 2F
2-2: Ball
3-2: Strikes out swinging
Pitching: RHP Jayson Simms
Batting: RHB Joe Scott 0-0: Called Strike
0-1: Fly out, F8 (Flyball, 8RS)
Batting: RHB Matthieu Vancini 0-0: Ball
1-0: Called Strike
1-1: Ball
2-1: Ground out 5-3 (Groundball, 56)
Top of the 8th over - 0 run(s), 0 hit(s), 0 error(s), 0 left on base; Las Vegas 2 - District 9 3
BOTTOM OF THE 8TH
District 9 Prawns batting - Pitching for Las Vegas Stars : RHP Sugimoto Kuhabara
Batting: LHB Ryan Hensley 0-0: Called Strike
0-1: Foul Ball, location: 2F
0-2: Foul Ball, location: 2F
0-2: Ball
1-2: Ball
2-2: Fly out, F4 (Popup, 4)
Pitching: RHP Wayne Barksdale
Batting: LHB José Flores 0-0: Called Strike
0-1: Called Strike
0-2: Strikes out swinging
Batting: RHB Jonah Duncan 0-0: Foul Ball, location: 2F
0-1: SOLO HOME RUN (Flyball, 8RXD), Distance : 419 ft
Batting: LHB Brian Roy 0-0: Called Strike
0-1: Called Strike
0-2: Strikes out swinging
Bottom of the 8th over - 1 run(s), 1 hit(s), 0 error(s), 0 left on base; Las Vegas 2 - District 9 4
TOP OF THE 9TH
Las Vegas Stars batting - Pitching for District 9 Prawns : RHP Jayson Simms
Pitching: RHP Doug Adams
Batting: RHB Ryan Campbell 0-0: Ball
1-0: Swinging Strike
1-1: Fly out, F3 (Popup, 3SF)
Batting: LHB Mike Mitchell 0-0: Ball
1-0: Swinging Strike
1-1: SINGLE (Line Drive, 78S)
Pinch Hitting: SHB Sloan James 0-0: Foul Ball, location: 2F
0-1: Ball
1-1: Swinging Strike
1-2: Foul Ball, location: 2F
1-2: Ball
2-2: Strikes out swinging
Batting: LHB Evan Slootweg 0-0: Called Strike
0-1: Foul Ball, location: 2F
0-2: Ball
1-2: Foul Ball, location: 2F
1-2: DOUBLE (Line Drive, 9LS)
Mike Mitchell to third
Runner from 3rd tries for Home, SAFE, no throw or cutoff
Batting: LHB Parker Marshall 0-0: Called Strike
0-1: Ball
1-1: Ball
2-1: Foul Ball, location: 2F
2-2: Ball
3-2: Base on Balls
Batting: RHB Xin Zhang 0-0: Called Strike
0-1: Called Strike
0-2: Ball
1-2: Fielders Choice at 2nd, 5-4 (Groundball, 56)
Top of the 9th over - 1 run(s), 2 hit(s), 0 error(s), 1 left on base; Las Vegas 3 - District 9 4
This league is powered by Out of the Park Baseball, the baseball management simulation game for PC, Mac and Linux
Saturday, April 9th, 2016 - OOTP Baseball 16.8 Build 38